 Dungeon Crawl Stone Soup version 0.28.0-53-g5a82cb258f (webtiles) character file.

Game seed: 3545725884855463802

58181 thaGODHEAD the Warrior (level 14, -3/140 HPs)
             Began as a Minotaur Berserker on Aug 17, 2022.
             Was a High Priest of Trog.
             Killed from afar by a starcursed mass (6 damage)
             ... with an accursed screaming
             ... on level 2 of the Abyss on Sept 9, 2022.
             The game lasted 02:04:35 (34322 turns).

thaGODHEAD the Warrior (Minotaur Berserker)        Turns: 34322, Time: 02:04:35

Health: -3/140     AC: 25    Str: 27    XL:     14   Next: 48%
Magic:  0/13       EV: 25    Int:  4    God:    Trog [*****.]
Gold:   1123       SH:  0    Dex:  8    Spells: 13/13 levels left

rFire   + . .      SeeInvis .   p - +2 demon trident (flame)
rCold   x . .      Faith    .   (no shield)
rNeg    . . .      Spirit   .   c - +2 plate armour
rPois   .          Reflect  .   (helmet restricted)
rElec   .          Harm     .   m - +0 cloak
rCorr   .          Rampage  .   f - +0 pair of gloves
Will    +....                   r - +1 pair of boots
Stlth   ..........              e - amulet of the acrobat
HPRegen 0.33/turn               g - ring of fire
MPRegen 0.13/turn               (no ring)

@: about to teleport, weakened, acrobatic
A: horns 2, retaliatory headbutt, clumsy 1
a: Renounce Religion, Berserk, Trog's Hand, Brothers in Arms


You were on level 2 of the Abyss.
You worshipped Trog.
Trog was extremely pleased with you.
You visited 3 branches of the dungeon, and saw 19 of its levels.
You visited the Abyss 1 time.

You collected 1123 gold pieces.

Inventory:

Hand Weapons
 k - the +3 mace of the Final Decision {flame, rPois rCorr Int-4 Stlth+}
   (You took it off an orc wizard on level 9 of the Dungeon)

   It burns those it strikes, dealing additional fire damage.
   Int:       It affects your intelligence (-4).
   rPois:     It protects you from poison.
   rCorr:     It protects you from acid and corrosion.
   Stlth:     It makes you more stealthy.
 p - a +2 demon trident of flaming (weapon)
 s - a +6 halberd of electrocution
 u - a +1 scimitar of flaming
 G - a +4 bardiche
Missiles
 w - 3 throwing nets (quivered)
Armour
 c - a +2 plate armour (worn)
 f - a +0 pair of gloves (worn)
 m - a +0 cloak (worn)
 r - a +1 pair of boots (worn)
 t - a +0 kite shield
Jewellery
 e - an amulet of the acrobat (around neck)
 g - a ring of fire (left hand)
 F - a ring of see invisible
Wands
 a - a wand of polymorph (1)
 h - a wand of charming (6)
 l - a wand of flame (7)
 x - a wand of iceblast (10)
 y - a wand of acid (6)
 C - a wand of digging (6)
Scrolls
 d - 3 scrolls of identify
 i - a scroll of holy word
 j - 3 scrolls of teleportation
Potions
 b - 3 potions of curing
 n - 3 potions of flight
 o - 3 potions of ambrosia
 q - 2 potions of lignification
 z - 2 potions of haste
 E - 2 potions of resistance {unknown}
Miscellaneous
 B - a lightning rod (4/4)


   Skills:
 * Level 17.5 Fighting
 - Level 11.8(14.9) Axes
 - Level 3.9(8.5) Maces & Flails
 - Level 14.3(16.0) Polearms
 + Level 16.1 Armour
 + Level 6.7 Dodging
 - Level 1.0 Shields


You had 13 spell levels left.
You didn't know any spells.
Your spell library was empty.

Dungeon Overview and Level Annotations

Branches:
Dungeon (12/15)            Temple (1/1) D:4            Lair (6/6) D:9
 Shoals (0/4) Lair:3       Spider (0/4) Lair:2        Slime (0/5) Lair:5
    Orc (0/2) D:10

Altars:
Ashenzari
Cheibriados
Dithmenos
Elyvilon
Fedhas
Gozag
Hepliaklqana
Kikubaaqudgha
Makhleb
Nemelex Xobeh
Okawaru
Qazlal
Ru
Sif Muna
Trog
Uskayaw
Vehumet
Wu Jian
Xom
Yredelemnul
Zin
The Shining One

Shops:
D:4 ::

Annotations:
D:7 4 runed translucent doors
D:9 exclusion: orange crystal statue
Lair:3 3 runed translucent doors, exclusion: 4 oklob plants, ILmort's ghost, journeyman DjFE; Izegh's ghost, journeyman DjWz; Kanaesup's ghost, journeyman TeMo; Utowni's ghost, journeyman MiBe; Yjeari's ghost, journeyman GrMo
Lair:4 exclusion: oklob plant


Innate Abilities, Weirdness & Mutations

You have a pair of horns on your head.
You reflexively headbutt those who attack you in melee.
You are clumsy. (Dex -2)


Message History

A chorus of shrieks assaults your mind.
The small abomination barely misses you.
Something hits you but does no damage.
The starcursed mass touches you but does no damage.
You puncture the small abomination! You burn the small abomination!
You headbutt the small abomination, but do no damage.
The small abomination is almost destroyed.
A starcursed mass splits.
You puncture the small abomination! You burn the small abomination.
You destroy the small abomination!
That felt strangely unrewarding.
The starcursed mass barely misses you. Something hits you but does no damage.
Something misses you.
A starcursed mass splits.
A deafening chorus of shrieks assaults your mind!
* * * LOW HITPOINT WARNING * * *
A starcursed mass splits.
Something hits you but does no damage.
A starcursed mass splits.
A deafening chorus of shrieks assaults your mind!
* * * LOW HITPOINT WARNING * * *
You suddenly lose the ability to move!
You can move again.
You hit the ynoxinul. You burn the ynoxinul.
The ynoxinul is lightly wounded.
You barely miss the ynoxinul.
The ynoxinul is lightly wounded.
Something hits you!!
* * * LOW HITPOINT WARNING * * *
You feel your power leaking away. A chorus of shrieks assaults your mind.
* * * LOW HITPOINT WARNING * * *
The ynoxinul hits you but does no damage.
The starcursed mass completely misses you.
You furiously retaliate!
You headbutt the starcursed mass.
The starcursed mass shudders and is absorbed by its neighbour.
You hit the ynoxinul. You burn the ynoxinul. Your headbutt misses the ynoxinul.
The ynoxinul is lightly wounded.
Something hits you.
* * * LOW HITPOINT WARNING * * *
A deafening chorus of shrieks assaults your mind!
You die...

# .. . .# .. ##.
.## . #..# #.. .
# #..##.### ..
###.#......#. .
........####.#..
# ##.
##3.#XXXX..# . #.
#.@{### X...
........X#[...#..
#
........#.......
.
##..##......§....
. #..
#....#§#..... ...
....§.#♣ .... ♣ .
.. ....#... . ♣ .
##..#.... . ..


You could see 5 starcursed masses and a ynoxinul.

Vanquished Creatures
  A draconian stormcaller (Abyss:2)
  10 hydras
  A boulder beetle (D:11)
  5 two-headed ogres
  2 death yaks (Lair:5)
  2 thrashing horrors (Lair:6)
  Urug (D:11)
  Sonja (Lair:6)
  A large abomination (Lair:6)
  A glowing orange brain (Abyss:2)
  An ugly thing (D:7)
  3 manticores
  Maurice (D:11)
  8 elephants
  3 black mambas
  2 merfolk sirens (Lair:3)
  A smoke demon (Lair:6)
  A torpor snail (Lair:6)
  A gargoyle (D:10)
  An orange demon (Abyss:2)
  14 komodo dragons
  An unseen horror (D:11)
  A yaktaur (shapeshifter) (Lair:6)
  8 cane toads
  An efreet (Abyss:2)
  4 rime drakes
  2 ancient zymes (Lair:6)
  2 polar bears
  A hornet (D:10)
  Grinder (D:3)
  2 merfolk (Lair:3)
  11 blink frogs (Lair:6)
  A meliai zombie (D:11)
  62 yaks
  2 shadows
  3 wyverns
  3 steam dragons
  2 basilisks (shapeshifter) (Lair:6)
  11 basilisks
  2 chaos spawn (Lair:6)
  2 wargs (D:9)
  13 water moccasins
  Edmund (D:6)
  2 acid dragons
  Duvessa (D:6)
  3 black bears
  An ice beast (D:6)
  2 ogres (D:5)
  A necrophage (D:6)
  8 orc warriors
  A hornet zombie (D:7)
  A sky beast (D:6)
  An ogre (shapeshifter) (Lair:6)
  24 wolves
  A centaur (D:7)
  2 kobold brigands
  9 bullfrogs
  3 scorpions
  A water moccasin zombie (D:6)
  2 wyvern skeletons (D:7)
  12 small abominations
  A water moccasin skeleton (D:4)
  Dowan (D:6)
  45 killer bees
  5 wights (D:8)
  A howler monkey (D:8)
  3 electric eels
  8 centaur zombies
  16 jellies
  A centaur skeleton (D:7)
  5 hounds
  11 orc priests
  A bullfrog skeleton (D:5)
  A gnoll shaman (D:7)
  3 iguanas
  9 orc wizards
  A hell rat (Lair:3)
  2 killer bee zombies
  A mummy (D:6)
  A howler monkey zombie (D:7)
  8 gnolls
  6 adders
  A river rat (Lair:3)
  3 white imps
  An adder skeleton (D:5)
  2 worms
  3 dart slugs (D:1)
  31 orcs
  8 ball pythons
  2 bats (D:1)
  10 endoplasms
  3 giant cockroaches
  12 goblins
  10 hobgoblins
  3 jackals (D:3)
  3 quokkas
  3 frilled lizards
  A hobgoblin zombie (D:6)
  17 kobolds
  2 kobold zombies (D:6)
  An orc zombie (D:6)
  5 rats
  A spectral goblin (D:7)
  A bush (Lair:3)
525 creatures vanquished.

Vanquished Creatures (collateral kills)
  2 death yaks (Lair:5)
  A queen bee (Lair:3)
  A bullfrog (Lair:3)
  A killer bee (Lair:3)
5 creatures vanquished.

Vanquished Creatures (others)
  34 fungi
  36 plants
70 creatures vanquished.

Grand Total: 600 creatures vanquished

Notes
Turn   | Place    | Note
-------+----------+-------------------------------------------
     0 | D:1      | thaGODHEAD the Minotaur Berserker began the quest for the
                  | Orb.
     0 | D:1      | Reached XP level 1. HP: 19/19 MP: 0/0
   656 | D:1      | Reached XP level 2. HP: 27/27 MP: 1/1
  1054 | D:1      | Reached skill level 4 in Fighting
  1620 | D:1      | Reached XP level 3. HP: 32/33 MP: 2/2
  1645 | D:1      | Reached skill level 1 in Axes
  2128 | D:1      | Found a faded altar of an unknown god.
  2533 | D:2      | Found a stormy altar of Qazlal.
  3017 | D:2      | Reached ** piety under Trog
  3204 | D:2      | Reached XP level 4. HP: 41/41 MP: 3/3
  3718 | D:3      | Noticed Grinder
  3736 | D:3      | Killed Grinder
  3737 | D:3      | Reached skill level 5 in Fighting
  3737 | D:3      | Reached XP level 5. HP: 48/48 MP: 4/4
  3737 | D:3      | Reached XP level 6. HP: 56/56 MP: 5/5
  3870 | D:3      | Reached skill level 5 in Axes
  4147 | D:3      | Found a bloodstained altar of Trog.
  4284 | D:3      | Found a blossoming altar of Fedhas.
  4603 | D:4      | Found Dyrioc's Book Shoppe.
  4671 | D:4      | Reached XP level 7. HP: 40/62 MP: 3/6
  4968 | D:4      | Reached skill level 5 in Armour
  5456 | D:4      | Reached skill level 6 in Fighting
  5664 | D:4      | Found a staircase to the Ecumenical Temple.
  5908 | D:4      | Found Wom Esut's Self-Improvement Boutique.
  6017 | D:4      | Found a broken altar of Ashenzari.
  6103 | D:5      | Entered Level 5 of the Dungeon
  6244 | D:5      | Identified the +3 leather armour of Shielding {Str+4 Dex-2}
  6621 | D:5      | Reached XP level 8. HP: 71/71 MP: 7/7
  6637 | D:5      | Found a stormy altar of Qazlal.
  6670 | D:5      | Reached skill level 7 in Fighting
  7029 | D:5      | Noticed an air elemental
  7900 | D:6      | Reached *** piety under Trog
  7904 | D:6      | Noticed Edmund
  7928 | D:6      | Killed Edmund
  8140 | D:6      | Noticed Duvessa
  8141 | D:6      | Noticed Dowan
  8153 | D:6      | Killed Duvessa
  8156 | D:6      | Killed Dowan
  8157 | D:6      | Reached XP level 9. HP: 49/81 MP: 4/8
  8376 | D:6      | Reached skill level 8 in Fighting
  8424 | D:6      | Found a basalt altar of Yredelemnul.
  8738 | D:6      | Reached skill level 10 in Axes
  9170 | D:7      | Found a snail-covered altar of Cheibriados.
  9195 | D:7      | Found a hazy altar of Hepliaklqana.
  9497 | D:7      | Found a large runed translucent door.
  9497 | D:7      | Found a large runed translucent door.
  9506 | D:7      | Noticed a kobold demonologist
  9514 | D:7      | Found a large runed translucent door.
  9514 | D:7      | Found a large runed translucent door.
 10373 | D:7      | Noticed a brown ugly thing
 10383 | D:7      | Killed a brown ugly thing
 10384 | D:7      | Reached skill level 9 in Fighting
 10996 | D:8      | Reached skill level 1 in Shields
 11190 | D:8      | Noticed a two-headed ogre
 11196 | D:8      | Killed a two-headed ogre
 11197 | D:8      | Reached XP level 10. HP: 91/91 MP: 7/9
 11868 | D:8      | Identified the +6 dagger "Vuorgh" {antimagic, rPois rF-
                  | Int+2}
 12686 | D:9      | Reached skill level 10 in Fighting
 12690 | D:9      | Reached skill level 5 in Polearms
 12694 | D:9      | Reached **** piety under Trog
 13080 | D:9      | Noticed a two-headed ogre
 13088 | D:9      | Killed a two-headed ogre
 13089 | D:9      | Reached skill level 10 in Armour
 13098 | D:9      | Found a staircase to the Lair.
 13139 | D:9      | Identified the +3 mace of the Final Decision {flame, rPois
                  | rCorr Int-4 Stlth+}
 13149 | D:9      | Lost intelligence.
 13349 | D:9      | Noticed an orange crystal statue
 13922 | D:9      | Found a hide-covered altar of Uskayaw.
 13927 | D:9      | Found a radiant altar of Vehumet.
 14296 | Temple   | Entered the Ecumenical Temple
 14579 | D:10     | Entered Level 10 of the Dungeon
 15170 | D:10     | Found a burning altar of Makhleb.
 15310 | D:10     | Noticed a gargoyle
 15315 | D:10     | Noticed a two-headed ogre
 15769 | D:9      | Reached XP level 11. HP: 95/101 MP: 8/10
 16233 | D:10     | Found a staircase to the Orcish Mines.
 16274 | D:10     | Reached skill level 11 in Fighting
 16734 | D:10     | Killed a two-headed ogre
 17170 | D:10     | Found an ornate altar of the Wu Jian Council.
 18111 | D:11     | Noticed Maurice
 18122 | D:11     | Killed Maurice
 18313 | D:11     | Noticed a two-headed ogre
 18314 | D:11     | Noticed Urug
 18328 | D:10     | Killed a two-headed ogre
 18329 | D:10     | Reached skill level 10 in Polearms
 18746 | D:11     | Killed Urug
 19128 | D:11     | Reached skill level 12 in Fighting
 19336 | D:11     | Noticed a boulder beetle
 19800 | D:11     | Noticed a two-headed ogre
 19806 | D:11     | Killed a two-headed ogre
 20019 | D:11     | Killed a boulder beetle
 20237 | D:11     | Reached XP level 12. HP: 73/112 MP: 11/11
 21089 | D:12     | Noticed a two-headed ogre
 21449 | Lair:1   | Entered Level 1 of the Lair of Beasts
 23061 | Lair:2   | Found a hole to the Spider Nest.
 23205 | Lair:2   | Noticed a six-headed hydra
 23216 | Lair:2   | Killed a six-headed hydra
 23421 | Lair:2   | Noticed a five-headed hydra
 23426 | Lair:2   | Killed a five-headed hydra
 23519 | Lair:2   | Reached skill level 13 in Fighting
 23635 | Lair:2   | Noticed a five-headed hydra
 23647 | Lair:2   | Killed a five-headed hydra
 24971 | Lair:2   | Gained mutation: You are clumsy. (Dex -2) [potion of
                  | mutation]
 26304 | Lair:3   | Found a runed translucent gate.
 26304 | Lair:3   | Found a runed translucent gate.
 26304 | Lair:3   | Found a runed translucent gate.
 26304 | Lair:3   | Noticed Yjeari's ghost (journeyman GrMo)
 26305 | Lair:3   | Noticed ILmort's ghost (journeyman DjFE)
 26305 | Lair:3   | Noticed Kanaesup's ghost (journeyman TeMo)
 26305 | Lair:3   | Noticed Utowni's ghost (journeyman MiBe)
 26305 | Lair:3   | Noticed Izegh's ghost (journeyman DjWz)
 26316 | Lair:3   | Noticed a five-headed hydra
 26322 | Lair:3   | Killed a five-headed hydra
 26644 | Lair:3   | Reached XP level 13. HP: 56/123 MP: 12/12
 26838 | Lair:3   | Reached skill level 14 in Fighting
 26868 | Lair:3   | Reached ***** piety under Trog
 28058 | Lair:3   | Found a staircase to the Shoals.
 29048 | Lair:4   | Reached skill level 15 in Fighting
 30054 | Lair:5   | Reached skill level 15 in Armour
 30204 | Lair:5   | Found a staircase to the Slime Pits.
 30415 | Lair:5   | Found a dark tunnel.
 30652 | Lair:5   | Reached skill level 16 in Fighting
 31112 | Lair:6   | Entered Level 6 of the Lair of Beasts
 31145 | Lair:6   | Found a gate leading to a gauntlet.
 31195 | Lair:6   | Reached skill level 5 in Dodging
 31213 | Lair:6   | Reached XP level 14. HP: 132/137 MP: 13/13
 32126 | Lair:6   | Received a gift from Trog
 32457 | Lair:6   | Noticed Sonja
 32485 | Lair:6   | Killed Sonja
 32486 | Lair:6   | Reached skill level 17 in Fighting
 34191 | Lair:6   | Cast into level 2 of the Abyss (spriggan)
 34196 | Abyss:2  | Noticed a white draconian stormcaller
 34211 | Abyss:2  | Killed a white draconian stormcaller
 34299 | Abyss:2  | Noticed a starcursed mass
 34318 | Abyss:2  | Paralysed by accursed screaming for 1 turns
 34320 | Abyss:2  | HP: 6/140 [starcursed mass/accursed screaming (5)]
 34321 | Abyss:2  | HP: 2/140 [something (4)]
 34322 | Abyss:2  | Killed from afar by a starcursed mass

Illustrated notes

Levels and vault maps discovered:
D:1:      nicolae_arrival_washed_ashore, layout_basic,
          shapermc_ecumenical_altar_mp_urbaneastern, kennysheep_flooded_box,
          hangedman_decor_points, minmay_misc_feat_tower,
          minmay_misc_feat_encased
D:2:      layout_loops_cross, basic_altar
D:3:      layout_basic, fedhas_altar_4, mainiacjoe_overflow_tiny_flanked,
          uniq_grinder
D:4:      layout_loops_cross, mainiacjoe_overflow_alcove_4,
          minmay_temple_entry_nine_rooms, serial_shops, shop_statue,
          nicolae_shop_self_help
D:5:      layout_gridville, nicolae_qazlal_style_of_elements,
          serial_co_window_serial, co_window_corner_a, co_window_paths_a,
          co_window_paths_a, co_window_corner_a, co_window_paths_b,
          co_window_paths_b, co_window_paths_a, co_window_corner_a,
          co_window_of_opportunity_a, co_window_cross_4, co_window_corner_cb,
          co_window_broadway_b, co_window_of_opportunity_c, glass_columns_a,
          glass_columns_b, glass_columns_a, minmay_crossroads
D:6:      hellmonk_warped_wall, layout_rooms, kennysheep_mini,
          minmay_mini_ossuary, uniq_edmund, uniq_duvessa
D:7:      layout_cave_pods, nicolae_hepliaklqana_monster_ancestors,
          mainiacjoe_overflow_catwalk, minmay_misc_feat_alley,
          minmay_hollow_rounded_squares
D:8:      layout_loops_ring, eino_jars
D:9:      layout_loops_ring, minitemple, erik_lair_orcish_takeover,
          minmay_statue_bubble
D:10:     layout_roguey, mainiacjoe_overflow_brackets, old_standard_altar,
          david_orc_4
D:11:     layout_roguey, amcnicky_mini_pool_medium, uniq_maurice, uniq_urug
D:12:     layout_basic, uniq_erolcha
Temple:   jpeg_temple_clearing
Lair:1:   layout_chaotic_city, chequers_serial_rivers_small_3,
          chequers_serial_rivers_small_a, infiniplex_staircase_pool
Lair:2:   layout_loops_ring, spider_nest_entry_web_field, beast_lair_carwin_3,
          grunt_megastairs_4
Lair:3:   hangedman_what_comes_after_a, layout_loops_ring,
          elwin_shoals_entry_stream, gammafunk_ghost_cemetery,
          nicolae_lair_grove_arrangements, beast_lair_carwin_1
Lair:4:   layout_loops_ring, serial_bayou_shore_a, grunt_megastairs_2
Lair:5:   layout_roguey, minmay_slime_entry_jelly_boxes,
          nicolae_volcano_entry_two_sided
Lair:6:   hellmonk_lair_end_abyssal_woods, layout_cellular_growth,
          gauntlet_entry_generic, infiniplex_staircase_pool_2,
          lemuel_fruit_fields, uniq_sonja
Abyss:2:  base:
D:11

Skill      XL: |  1  2  3  4  5  6  7  8  9 10 11 12 13 14 |
---------------+-------------------------------------------+-----
Fighting       | 4 5 6 7 9 10 12 13 16 17 | 17.5
Armour         | 3 4 5 7 9 10 12 13 15 16 | 16.1
Axes           | 2 4 5 7 9 11 | 11.8
Shields        | 1 |  1.0
Polearms       | 2 7 11 14 | 14.3
Dodging        | 5 6 |  6.7
Maces & Flails | |  3.9

Action                   |  1- 3 |  4- 6 |  7- 9 | 10-12 | 13-15 || total
-------------------------+-------+-------+-------+-------+-------++-------
Melee: Mace              |    69 |       |       |       |       ||    69
       Headbutt          |    13 |     7 |    55 |    95 |   136 ||   306
       War axe           |    36 |    83 |   285 |       |       ||   404
       Punch             |       |       |     2 |     5 |    12 ||    19
       Halberd           |       |       |     4 |   244 |       ||   248
       Demon trident     |       |       |       |   330 |   645 ||   975
Throw: Throwing net      |       |       |       |     2 |     1 ||     3
Invok: Trog's Hand       |       |       |     4 |       |     1 ||     5
       Berserk           |       |       |     6 |    14 |     2 ||    22
       Brothers in Arms  |       |       |       |     1 |     1 ||     2
Evoke: Wand              |       |     1 |     1 |    10 |     3 ||    15
       Lightning rod     |       |       |       |       |     1 ||     1
  Use: Scroll            |     2 |     6 |     4 |    17 |    11 ||    40
       Potion            |     1 |     2 |     4 |     7 |     4 ||    18
 Stab: Distracted        |       |       |       |     1 |       ||     1
Armor: Animal skin       |     6 |       |       |       |       ||     6
       Plate armour      |    33 |    58 |   195 |   323 |   321 ||   930
       Chain mail        |     6 |       |       |       |       ||     6
       Scale mail        |     2 |       |       |       |       ||     2
Dodge: Dodged            |    46 |    28 |    94 |   197 |   315 ||   680
Block: Kite shield       |       |       |     3 |       |       ||     3
